 Dungeon Crawl Stone Soup version 0.31-a0-196-g86fe4a5e66 (webtiles) character file.

Game seed: 16031517200433363180

45 innerfire43 the Trooper (level 3, -3/29 HPs)
             Began as a Demonspawn Monk on June 24, 2023.
             Was a Believer of Fedhas.
             Killed from afar by Sigmund (7 damage)
             ... with a magic dart
             ... on level 2 of the Dungeon.
             The game lasted 00:01:31 (1374 turns).

innerfire43 the Trooper (Demonspawn Monk)           Turns: 1374, Time: 00:01:32

Health: -3/29      AC:  3    Str: 13    XL:     3   Next: 42%
Magic:  3/3        EV: 13    Int: 11    God:    Fedhas [**....]
Gold:   95         SH:  0    Dex: 15    Spells: 2/2 levels left

rFire   . . .        a - +0 spear
rCold   . . .        d - orb {light}
rNeg    . . .        b - +0 robe
rPois   .            (no helmet)
rElec   .            (no cloak)
rCorr   .            j - +0 pair of gloves
SInv    .            (no boots)
Will    .....        (no amulet)
Stlth   +            (no ring)
HPRegen 0.24/turn    (no ring)
MPRegen 0.08/turn

%: no passive effects
@: hasted, glowing, very quick
A: weakness stinger 1
a: Renounce Religion, Wall of Briars


You were on level 2 of the Dungeon.
You worshipped Fedhas.
Fedhas was pleased with you.
You visited 1 branch of the dungeon, and saw 2 of its levels.

You collected 95 gold pieces.

Inventory:

Hand Weapons
 a - a +0 spear (weapon)
 f - a +1 dagger of speed
 m - a +2 whip of electrocution
Armour
 b - a +0 robe (worn)
 d - an orb of light (worn)
 j - a +0 pair of gloves (worn)
Scrolls
 e - a scroll of blinking {unknown}
 g - 2 scrolls of teleportation {unknown}
 i - 2 scrolls of vulnerability {unknown}
 k - 3 scrolls of fog {unknown}
 l - 2 scrolls of identify {unknown}
 p - a scroll of brand weapon {unknown}
Potions
 c - a potion of ambrosia
 n - a potion of cancellation


   Skills:
 + Level 3.4 Fighting
 * Level 3.4 Polearms
 + Level 3.1 Dodging


You had 2 spell levels left.
You didn't know any spells.
Your spell library was empty.

Dungeon Overview and Level Annotations

Branches:
Dungeon (2/15)

Altars:
Fedhas

Shops:
D:2 *

Annotations:
D:2 Sigmund


Innate Abilities, Weirdness & Mutations

You have a small tail.


Message History

You barely miss the bat.
Your tail-slap misses the bat.
The bat hits you but does no damage. The bat closely misses you.
Sigmund closely misses you.
You barely miss the bat. The bat hits you but does no damage.
Reach: a) +0 spear
Press: ? - help, Dir - move target, f/p - Sigmund
Aim: Sigmund, wielding a +0 scythe and wearing a +2 robe of willpower (moderately wounded, haloed, about 23% to evade your +0 spear)
You reach to attack!
You hit Sigmund.
Sigmund is moderately wounded.
The bat closely misses you.
Sigmund hits you from afar with a +0 scythe!
* * * LOW HITPOINT WARNING * * *
The bat misses you.
It was a potion of cancellation.
You feel magically purged. The bat hits you.
* * * LOW HITPOINT WARNING * * *
Sigmund closely misses you.
It was a potion of haste.
You feel yourself speed up. The bat misses you. The bat closely misses you.
You closely miss the bat. Sigmund misses you. The bat hits you.
* * * LOW HITPOINT WARNING * * *
You barely miss the bat. The bat hits you but does no damage.
You hit the bat.
You kill the bat!
Fedhas appreciates your contribution to the ecosystem.
Sigmund closely misses you.
You see here a bat corpse.
You hit Sigmund.
Sigmund is moderately wounded.
You hit Sigmund.
Sigmund is heavily wounded.
Sigmund closely misses you.
You hit Sigmund but do no damage.
You tail-slap Sigmund, but do no damage.
Sigmund is heavily wounded.
You hit Sigmund but do no damage.
Sigmund is heavily wounded.
Sigmund points at you and mumbles some strange words.
The magic dart hits you!
You die...
Fedhas appreciates your contribution to the ecosystem.

.# ## #..# #
#..# # #..#
##### ##..#
##.. ...# ##.#
#..# ##<# #.@#
...# #.@# ####
#..#######
#........#
......######.#
###### #.# #.#
#.# #.# #. #.#


You could see Sigmund.

Vanquished Creatures
  A gnoll (D:1)
  A worm (D:2)
  2 endoplasms (D:1)
  2 goblins
  A hobgoblin (D:1)
  4 jackals (D:1)
  A quokka (D:2)
  A ball python (D:2)
  8 bats
  2 frilled lizards
  6 kobolds
29 creatures vanquished.

Notes
Turn   | Place    | Note
-------+----------+-------------------------------------------
     0 | D:1      | innerfire43 the Demonspawn Monk began the quest for the
                  | Orb.
     0 | D:1      | Reached XP level 1. HP: 18/18 MP: 1/1
   231 | D:1      | Gained mutation: You have a small tail. [demonic ancestry]
   231 | D:1      | Reached XP level 2. HP: 22/24 MP: 2/2
   671 | D:1      | Reached XP level 3. HP: 29/29 MP: 3/3
  1002 | D:2      | Found Lurirr's General Store.
  1240 | D:2      | Found a faded altar of an unknown god.
  1293 | D:2      | Prayed at the altar of an unknown god.
  1293 | D:2      | Became a worshipper of Fedhas Madash
  1293 | D:2      | Reached * piety under Fedhas
  1293 | D:2      | Reached ** piety under Fedhas
  1355 | D:2      | Noticed Sigmund
  1374 | D:2      | Killed from afar by Sigmund

Illustrated notes

Levels and vault maps discovered:
D:1:      lemuel_arrival_river_ford, layout_loops_ring
D:2:      layout_loops_ring, serial_shops, shop,
          dreamdust_ecumenical_altar_statues, uniq_sigmund

Skill      XL: |  1  2 |
---------------+-------+-----
Polearms       | 3 |  3.4
Dodging        | 3 |  3.1
Fighting       | |  3.4

Action                     || total
---------------------------++-------
  Melee: Spear             ||   104
         Tailslap          ||     8
    Use: Potion            ||     3
 Armour: Robe              ||    19
  Dodge: Dodged            ||    48

Table legend: (Time is in decaauts)
 A = Elapsed time spent in this place.
 B = Non-inter-level travel time spent in this place.
 C = Inter-level travel time spent in this place.
 D = Time resting spent in this place.
 E = Time spent auto-exploring this place.
 F = Levels seen in this place.
 G = Mean time per level.
                   A        B        C        D        E       F      G
               +--------+--------+--------+--------+--------+-----+--------+
         Total |   1370 |   1295 |     75 |      0 |   1089 |   2 |  685.0 |
       Dungeon |   1370 |   1295 |     75 |      0 |   1089 |   2 |  685.0 |
               +--------+--------+--------+--------+--------+-----+--------+

Top non-repeatable levels by time:
     D:1: 797 daAuts
     D:2: 573 daAuts
